 Dungeon Sprint DCSS version 0.17-a0-1534-gf98da79 (webtiles) character file.

5933 ztt the Severer (level 10, -1/119 HPs)
             Began as a Hill Orc Fighter on July 17, 2015.
             Was the Champion of Qazlal.
             Slain by an emperor scorpion (2 damage)
             ... summoned by a greater mummy
             ... in the Dungeon (Sprint V: "Ziggurat Sprint").
             The game lasted 00:04:32 (822 turns).

ztt the Severer (Hill Orc Fighter)                   Turns: 822, Time: 00:04:32

Health: -1/119     AC: 33    Str: 35    XL:     10   Next: 83%
Magic:  15/20      EV:  9    Int: 10    God:    Qazlal [******]
Gold:   0          SH:  8    Dex: 10    Spells: 0 memorised, 9 levels left

rFire  . . .     SeeInvis .     C - +6 executioner's axe "Newtbane" {vamp, rN++ Int+2}
rCold  . . .     Clarity  .     n - +15 Maxwell's patent armour {-Cast -Tele rElec MR+ rCorr}
rNeg   + + .     SustAt   .     (no shield)
rPois  .         Gourm    .     (no helmet)
rElec  +         Spirit   .     (no cloak)
rCorr  +         Warding  .     (no gloves)
rMut   .         NoTele   +     (no boots)
MR     +....     NoCast   +     Q - amulet of Vitality {Regen+ HP+15}
Stlth  ..........               u - +6 ring of strength
                                t - +6 ring of strength

@: lethally poisoned (-1 -> -8), protected from physical damage, repel missiles,
somewhat resistant to hostile enchantments, extremely unstealthy
A: no striking features
a: Upheaval, Elemental Force, Disaster Area, Renounce Religion


You were in the Dungeon.
You worshipped Qazlal.
Qazlal was exalted by your worship.
You were not hungry.

You visited 1 branch

Inventory:

Hand weapons
 a - a +0 war axe
 C - the +6 executioner's axe "Newtbane" (weapon) {vamp, rN++ Int+2}
   (You found it in the Dungeon)

   It inflicts no extra harm, but heals its wielder somewhat when it strikes a
   living foe.
   It affects your intelligence (+2).
   It greatly protects you from negative energy.
 L - a +5 broad axe of draining
 M - the +14 obsidian axe {chop, +Fly Str+3 SInv *Curse}
   (You found it in the Dungeon)

   It inflicts extra damage upon your enemies.
   It affects your strength (+3).
   It lets you see invisible.
   It lets you fly.
   It may re-curse itself when equipped.
Armour
 b - a +0 scale mail
 c - a +0 shield
 n - the +15 Maxwell's patent armour (worn) {-Cast -Tele rElec MR+ rCorr}
   (You found it in the Dungeon)

   It insulates you from electricity.
   It affects your resistance to hostile enchantments.
   It prevents spellcasting.
   It prevents most forms of teleportation.
   It protects you from acid and corrosion.
 o - the +18 shield of the gong {rElec rN+ MR+ EV-5}
   (You found it in the Dungeon)

   It affects your evasion (-5).
   It insulates you from electricity.
   It protects you from negative energy.
   It affects your resistance to hostile enchantments.
Jewellery
 p - a +6 ring of dexterity
 q - a +6 ring of dexterity
 r - a +6 ring of intelligence
 s - a +6 ring of intelligence
 t - a +6 ring of strength (left hand)
 u - a +6 ring of strength (right hand)
 N - a +3 ring of evasion
 O - a +2 ring of intelligence
 P - the ring of Syososasm {+Inv rC+ MR+ AC+1 Dex+3}
   (You found it in the Dungeon)

   [ring of protection]

   It affects your AC (+1).
   It affects your dexterity (+3).
   It protects you from cold.
   It affects your resistance to hostile enchantments.
   It lets you turn invisible.
 Q - the amulet of Vitality (around neck) {Regen+ HP+15}
   (You found it in the Dungeon)

   [amulet of regeneration]

   It affects your health (+15).
   It increases your rate of regeneration.
Magical devices
 v - a wand of disintegration (7)
 w - a wand of fire (5)
 x - a wand of cold (5)
 y - a wand of draining (5)
Scrolls
 k - 4 scrolls of blinking
 E - 4 scrolls of amnesia
 F - 3 scrolls of recharging
 G - 7 scrolls of fog
 H - a scroll of holy word
 I - 5 scrolls of identify
 J - 4 scrolls of remove curse
 K - 2 scrolls of fear
Potions
 d - 6 potions of might
 f - 9 potions of curing
 g - 10 potions of heal wounds
 h - 6 potions of haste
 i - 7 potions of magic
 j - 3 potions of berserk rage
 z - 2 potions of brilliance
 A - 2 potions of invisibility
 B - 4 potions of resistance
 D - 5 potions of agility
Comestibles
 e - 5 bread rations
 l - 42 fruits
 m - 3 meat rations


   Skills:
 + Level 14.7 Fighting
 + Level 15.9 Axes
 + Level 11.3 Armour
 + Level 2.5 Dodging
 - Level 11.0 Shields
 * Level 14.5 Invocations


You had 9 spell levels left.
You didn't know any spells.

Dungeon Overview and Level Annotations

Branches:
Dungeon (1/1)

Altars:
Ashenzari
Cheibriados
Dithmenos
Elyvilon
Fedhas
Gozag
Kikubaaqudgha
Makhleb
Nemelex Xobeh
Okawaru
Qazlal
Ru
Sif Muna
Trog
Vehumet
Xom
Yredelemnul
Zin
The Shining One
Beogh
Jiyva
Lugonu


Message History

The emperor scorpion completely misses you.
The emperor scorpion claws you but does no damage.
The greater mummy hits you but does no damage.
You hit the greater mummy.
The greater mummy is almost destroyed.
You hit the emperor scorpion but do no damage.
The emperor scorpion is heavily wounded.
You closely miss the emperor scorpion.
The emperor scorpion is heavily wounded.
You hit the emperor scorpion.
The emperor scorpion is severely wounded.
You feel very sick.
The emperor scorpion stings you but does no damage.
The emperor scorpion claws you but does no damage. x2
The emperor scorpion stings you!
* * * LOW HITPOINT WARNING * * *
The emperor scorpion claws you but does no damage.
You block the emperor scorpion's attack.
The emperor scorpion stings you.
You die...

▓▓▓▓▓▓▓▓▓▓▓▓▓▓▓▓▓▓▓
▓...8©8...▓..8©8..▓
▓..::}|)..▓..:.§..▓
▓..[.≈}...▓§.:))..▓
▓.........▓.§§.§..▓
▓.....≈...▓.......▓
▓..§s.....▓.......▓
▓..§sMM.≈.▓...†...▓
▓.▓.@ss.▓.▓.▓..†▓.▓
▓...§ss...▓.......▓
▓▓▓▓▓▓▓▓▓▓▓▓▓▓▓▓▓▓▓


You could see a greater mummy, 6 emperor scorpions and a mummy.

Vanquished Creatures
  A mummy priest (D)
  3 hell hogs (D)
  A deep elf knight (D)
  A death scarab (D)
  A deep elf conjurer (D)
  A guardian mummy (D)
  An efreet (D)
  A polar bear (D)
  A slime creature (D)
  A deep elf mage (D)
  A deep elf fighter (D)
  A golden eye (D)
  3 fire elementals (D)
  3 hell hounds (D)
  A wight (D)
  A crimson imp (D)
  An orc wizard (D)
  An orc priest (D)
  An iron imp (D)
  3 mummies (D)
  5 white imps (D)
  An ufetubus (D)
  An ooze (D)
  2 orcs (D)
  2 bat skeletons (D)
  2 bat zombies (D)
  A ball python zombie (D)
  A giant gecko zombie (D)
43 creatures vanquished.

Notes
Turn   | Place    | Note
--------------------------------------------------------------
     0 | D        | ztt the Hill Orc Fighter began the quest for the Orb.
     0 | D        | Reached XP level 1. HP: 19/19 MP: 1/1
     2 | D        | Found an iron altar of Okawaru.
     2 | D        | Found a radiant altar of Vehumet.
     2 | D        | Found a burning altar of Makhleb.
     2 | D        | Found a shimmering altar of Xom.
     2 | D        | Found a deep blue altar of Sif Muna.
     4 | D        | Found a corrupted altar of Lugonu.
     4 | D        | Found a white marble altar of Elyvilon.
     4 | D        | Found a roughly hewn altar of Beogh.
     4 | D        | Found a sparkling altar of Nemelex Xobeh.
     4 | D        | Found a viscous altar of Jiyva.
     4 | D        | Found a bloodstained altar of Trog.
    61 | D        | Became a worshipper of Qazlal Stormbringer
    65 | D        | Reached skill level 6 in Fighting
    65 | D        | Reached skill level 5 in Invocations
    65 | D        | Reached XP level 2. HP: 23/30 MP: 1/5
   165 | D        | Entered arena 1.
   165 | D        | Noticed a polar bear
   172 | D        | Killed a polar bear
   172 | D        | Reached skill level 8 in Fighting
   172 | D        | Reached skill level 5 in Armour
   172 | D        | Reached XP level 3. HP: 34/41 MP: 6/8
   172 | D        | Reached XP level 4. HP: 40/49 MP: 6/9
   172 | D        | Reached XP level 5. HP: 44/55 MP: 6/10
   176 | D        | Got the +6 executioner's axe "Newtbane" {vamp, rN++ Int+2}
   230 | D        | Entered arena 2.
   230 | D        | Noticed a slime creature
   230 | D        | Noticed a golden eye
   237 | D        | Killed a golden eye
   237 | D        | Acquired Qazlal's first power
   237 | D        | Reached skill level 9 in Fighting
   237 | D        | Reached skill level 1 in Dodging
   237 | D        | Reached XP level 6. HP: 50/63 MP: 10/12
   240 | D        | Killed a slime creature
   240 | D        | Reached XP level 7. HP: 66/71 MP: 10/14
   247 | D        | Entered arena 3.
   247 | D        | Noticed a deep elf conjurer
   247 | D        | Noticed a deep elf fighter
   247 | D        | Noticed a deep elf mage
   247 | D        | Noticed a deep elf knight
   249 | D        | Killed a deep elf knight
   249 | D        | Acquired Qazlal's second power
   249 | D        | Reached skill level 11 in Fighting
   249 | D        | Reached skill level 10 in Axes
   249 | D        | Reached skill level 10 in Invocations
   249 | D        | Reached XP level 8. HP: 75/82 MP: 12/16
   252 | D        | Killed a deep elf fighter
   255 | D        | Killed a deep elf conjurer
   256 | D        | Killed a deep elf mage
   256 | D        | Reached skill level 12 in Fighting
   256 | D        | Reached skill level 10 in Shields
   256 | D        | Reached XP level 9. HP: 43/90 MP: 13/17
   441 | D        | Entered arena 4.
   441 | D        | Noticed an orc wizard
   441 | D        | Noticed an orc priest
   443 | D        | Acquired Qazlal's third power
   444 | D        | Killed an orc priest
   447 | D        | Killed an orc wizard
   454 | D        | Entered arena 5.
   454 | D        | Noticed a wight
   456 | D        | Acquired Qazlal's fourth power
   457 | D        | Killed a wight
   464 | D        | Got the ring of Syososasm {+Inv rC+ MR+ AC+1 Dex+3}
   466 | D        | Entered arena 6.
   466 | D        | Noticed an iron imp
   466 | D        | Noticed a crimson imp
   470 | D        | Acquired Qazlal's fifth power
   471 | D        | Killed a crimson imp
   473 | D        | Killed an iron imp
   482 | D        | Entered arena 7.
   482 | D        | Noticed a hell hound
   482 | D        | Noticed a hell hound
   482 | D        | Noticed a hell hound
   486 | D        | Killed a hell hound
   488 | D        | Killed a hell hound
   492 | D        | Killed a hell hound
   546 | D        | Entered arena 8.
   546 | D        | Noticed a fire elemental
   546 | D        | Noticed an efreet
   546 | D        | Noticed a hell hog
   546 | D        | Noticed a hell hog
   546 | D        | Noticed a fire elemental
   546 | D        | Noticed a fire elemental
   546 | D        | Noticed a hell hog
   549 | D        | Killed a fire elemental
   551 | D        | Killed a hell hog
   551 | D        | Reached skill level 13 in Axes
   551 | D        | Reached skill level 10 in Armour
   553 | D        | Killed a fire elemental
   553 | D        | Killed a hell hog
   553 | D        | Reached XP level 10. HP: 44/101 MP: 19/19
   554 | D        | Killed a fire elemental
   554 | D        | Reached skill level 14 in Axes
   555 | D        | Killed a hell hog
   557 | D        | Killed an efreet
   811 | D        | Entered arena 9.
   811 | D        | Noticed a guardian mummy
   811 | D        | Noticed a death scarab
   811 | D        | Noticed a greater mummy
   811 | D        | Noticed a mummy priest
   812 | D        | Killed a death scarab
   812 | D        | Reached skill level 15 in Axes
   812 | D        | Killed a mummy priest
   812 | D        | Killed a guardian mummy
   812 | D        | Noticed a reaper
   814 | D        | Noticed an emperor scorpion
   815 | D        | Noticed an emperor scorpion
   815 | D        | Noticed an emperor scorpion
   815 | D        | Noticed an emperor scorpion
   816 | D        | Noticed an emperor scorpion
   816 | D        | Noticed an emperor scorpion
   817 | D        | Killed a reaper
   822 | D        | HP: 1/119 [emperor scorpion[a greater mummy] (10)]
   822 | D        | Slain by an emperor scorpion

Vault maps used:
D:        sprint_v

Action                   |  1- 3 |  4- 6 |  7- 9 | 10-12 || total
-------------------------+-------+-------+-------+-------++-------
Melee: Broad axe         |     6 |       |       |       ||     6
       Executioner's axe |       |     5 |    33 |    13 ||    51
Invok: Disaster Area     |       |       |       |     1 ||     1
  Use: Potion            |     1 |     1 |       |       ||     2
       Scroll            |       |     1 |     1 |     1 ||     3
 Stab: Distracted        |     1 |       |       |       ||     1
  Eat: Meat ration       |       |     1 |       |       ||     1
